 Dungeon Crawl Stone Soup version 0.28-a0-1213-g0243856f03 (webtiles) character file.

Game seed: 2298802849523554491

7777 Mamutox the Covert (level 11, 0/50 HPs)
             Began as a Spriggan Venom Mage on Dec 21, 2021.
             Was a Believer of Sif Muna.
             Succumbed to a black mamba's poison
             ... on level 9 of the Dungeon.
             The game lasted 01:09:41 (15994 turns).

Mamutox the Covert (Spriggan Venom Mage)           Turns: 15994, Time: 01:09:42

Health: 0/50       AC:  2    Str:  4    XL:     11   Next: 1%
Magic:  24/24      EV: 42    Int: 21    God:    Sif Muna [**....]
Gold:   394        SH:  0    Dex: 16    Spells: 18/26 levels left

rFire   + . .      SeeInvis +   N - +1 rapier (venom)
rCold   + . .      Faith    .   (shield restricted)
rNeg    . . .      Spirit   .   a - +0 robe
rPois   .          Reflect  .   g - +0 hat
rElec   .          Harm     .   w - scarf {rC+ rF+}
rCorr   .          Rampage  .   (gloves unavailable)
Will    +....                   (boots unavailable)
Stlth   +++++.....              F - amulet of the acrobat
HPRegen 0.16/turn               z - ring of wizardry
MPRegen 0.19/turn               L - +4 ring of evasion

@: lethally poisoned (0 -> -34), acrobatic, very quick
A: very small, no large weapons, unfitting armour, see invisible, speed 3
a: Renounce Religion, Channel Magic


You were on level 9 of the Dungeon.
You worshipped Sif Muna.
Sif Muna was pleased with you.
You visited 3 branches of the dungeon, and saw 11 of its levels.
You also visited: Ossuary.

You collected 422 gold pieces.
You spent 28 gold pieces at shops.

Inventory:

Hand Weapons
 b - a +0 shortbow
 u - a +1 dagger of freezing
 A - a +2 dagger of venom
 N - a +1 rapier of venom (weapon)
 O - a +0 hunting sling
 S - the +5 dagger of the Protecting Augurer {drain, Fragile rF+++ Str+4 Stlth+}
   (You found it on level 9 of the Dungeon)

   A truly terrible weapon, it drains the life of any living foe it strikes.
   Str:       It affects your strength (+4).
   rF:        It renders you almost immune to fire.
   Fragile:   It will be destroyed if unequipped.
   Stlth:     It makes you more stealthy.
Missiles
 d - 321 stones
 p - 59 bolts
 t - 108 arrows
 C - 45 poisoned darts
 K - 9 sling bullets
 Q - 6 silver boomerangs
Armour
 a - a +0 robe (worn)
 g - a +0 hat (worn)
 w - a scarf of resistance (worn)
Magical Staves
 s - a staff of poison
Jewellery
 n - an amulet of faith
 o - a ring of magical power
 z - a ring of wizardry (left hand)
 F - an amulet of the acrobat (around neck)
 L - a +4 ring of evasion (right hand)
 P - a ring of ice
Wands
 G - a wand of paralysis (15)
 I - a wand of flame (32)
Scrolls
 i - 2 scrolls of enchant armour {unknown}
 j - a scroll of vulnerability {unknown}
 k - a scroll of summoning {unknown}
 l - a scroll of blinking
 v - 3 scrolls of teleportation {unknown}
 y - a scroll of enchant weapon {unknown}
 H - a scroll of silence {unknown}
 J - 6 scrolls of identify
 R - a scroll of brand weapon {unknown}
Potions
 c - 3 potions of curing
 e - 3 potions of heal wounds {unknown}
 f - a potion of resistance {unknown}
 h - 2 potions of haste
 m - 3 potions of cancellation
 q - a potion of brilliance
 r - a potion of berserk rage {unknown}
 x - 2 potions of magic {unknown}
 B - a potion of might
 D - a potion of attraction
 E - 2 potions of lignification {unknown}
 M - 3 potions of mutation


   Skills:
 - Level 1.8 Fighting
 - Level 8.0 Short Blades
 - Level 6.8 Bows
 + Level 10.2 Dodging
 + Level 12.9 Stealth
 + Level 8.4 Spellcasting
 - Level 3.1 Translocations
 - Level 1.3 Transmutations
 - Level 3.0 Poison Magic
 - Level 5.6 Evocations


You had 18 spell levels left.
You knew the following spells:

 Your Spells              Type           Power      Damage    Failure   Level
a - Sting                 Tmut/Pois      72%        1d6       1%          1
b - Poisonous Vapours     Pois/Air       30%        N/A       2%          2
c - Mephitic Cloud        Conj/Pois/Air  13%        N/A       6%          3
d - Blink                 Tloc           44%        N/A       1%          2

Your spell library contained the following spells:

 Spells                   Type           Power      Damage    Failure   Level
 Beastly Appendage        Tmut           28%        N/A       1%          1
 Wereblood                Tmut           14%        N/A       2%          2
 Freeze                   Ice            32%        1d5       3%          1
 Spider Form              Tmut/Pois      18%        N/A       4%          3
 Frozen Ramparts          Ice            16%        1d3       9%          3
 Olgreb's Toxic Radiance  Pois           21%        N/A       9%          4
 Manifold Assault         Tloc           22%        N/A       22%         5
 Hailstorm                Conj/Ice       8%         3d4       28%         4
 Freezing Cloud           Conj/Ice/Air   4%         6-21      61%         5
 Simulacrum               Ice/Necr       4%         N/A       98%         6
 Storm Form               Tmut/Air       5%         N/A       100%        7
 Polar Vortex             Ice            4%         N/A       100%        9


Dungeon Overview and Level Annotations

Branches:
Dungeon (9/15)             Temple (1/1) D:7            Lair (1/6) D:9
Ossuary (visited)
    Orc: D:9-12

Altars:
Cheibriados
Dithmenos
Fedhas
Hepliaklqana
Kikubaaqudgha
Makhleb
Nemelex Xobeh
Ru
Sif Muna
Uskayaw
Xom
The Shining One

Shops:
D:1 [   D:4 ?

Annotations:
D:8 3 runed translucent doors, kMk's ghost, novice OpTm


Innate Abilities, Weirdness & Mutations

You are very small and have problems with some larger weapons.
You are too small for most types of armour.
You have supernaturally acute eyesight. (SInv)
You cover ground extremely quickly. (Speed+++)


Message History

The black mamba is poisoned.
The black mamba is lightly wounded.
The black mamba bites you. The black mamba completely misses you.
You climb upwards.
Welcome back to the Dungeon!
There is a staircase to the Lair here.
The black mamba completely misses you. The black mamba completely misses you.
The black mamba looks more healthy.
Casting: Sting (safe; 1% risk of failure)
Confirm with . or Enter, or press ? or * to list all spells.
Aiming: Sting (safe; 1% risk of failure)
Press: ? - help, Shift-Dir - straight line, f - black mamba
Aim: a black mamba (lightly wounded, 57% to hit)
The sting hits the black mamba but does no damage.
The black mamba is poisoned.
The black mamba is lightly wounded.
The black mamba completely misses you. The black mamba closely misses you.
You closely miss the black mamba.
The black mamba is lightly wounded.
The black mamba misses you. The black mamba completely misses you.
You hit the black mamba but do no damage.
The black mamba is lightly wounded.
The black mamba completely misses you.
You hit the black mamba.
The black mamba is moderately wounded.
The black mamba bites you!
You are poisoned.
The black mamba poisons you!
You feel very sick.
You feel very sick. The black mamba completely misses you.
You feel sick. The black mamba misses you.
You feel sick. The black mamba bites you!
* * * LOW HITPOINT WARNING * * *
You are more poisoned.
The black mamba poisons you!
* * * LOW HITPOINT WARNING * * *
You feel very sick.
You die...

....# ####+#...[.#.....'......'[
....####.....###.....#####.....##
......##.....# #.....###.........
......##.....# #.....##..........
......#####'## #.........P.......
###...#......###..#'#.......>....
#...#........?....##..........P
#####...............#..P.......
#.......S.@.....##.........
#...............####.....##
#############..........####
#.........##### #..............
#########.##### #### ###### #..#
# .†.# #....# #..## # ##.#
#######....# #...# #


You could see a black mamba (poisoned).

Vanquished Creatures
  A tengu warrior (D:8)
  A death yak (D:9)
  3 two-headed ogres
  Pikel (D:5)
  An elephant (D:9)
  Prince Ribbit (D:5)
  A wyvern (D:9)
  Eustachio (D:5)
  A basilisk (D:9)
  Edmund (D:6)
  3 water moccasins
  2 sky beasts
  A black bear (D:9)
  An ice beast (D:8)
  4 ogres
  A necrophage (D:5)
  4 centaurs
  A lemure (D:5)
  A kobold brigand (D:7)
  Blork the orc (D:4)
  2 bullfrogs (D:7)
  6 scorpions
  4 wights (D:9)
  3 howler monkeys
  3 centaur zombies
  A gnoll shaman (D:7)
  2 hounds
  A bullfrog zombie (D:7)
  4 orc priests
  Crazy Yiuf (D:5)
  A bullfrog skeleton (D:7)
  Ijyb (D:4)
  3 iguanas
  5 orc wizards
  2 killer bee zombies
  A hound zombie (D:5)
  2 mummies
  3 howler monkey zombies
  Robin (D:4)
  9 adders
  4 gnolls (D:7)
  8 river rats (D:5)
  A white imp (D:5)
  2 ufetubi
  An adder skeleton (D:5)
  2 worms (D:2)
  6 dart slugs
  10 orcs
  2 spectral bats (Ossuary)
  2 endoplasms
  5 giant cockroaches
  12 gnoll zombies (Ossuary)
  13 goblins
  13 hobgoblins
  7 jackals
  14 kobolds
  7 quokkas
  5 ball pythons
  9 bats
  4 bat simulacra (Ossuary)
  4 frilled lizards
  2 goblin simulacra (Ossuary)
  5 goblin zombies
  5 hobgoblin zombies (Ossuary)
  4 kobold simulacra (Ossuary)
  6 kobold zombies (Ossuary)
  4 orc zombies
  18 rats
  5 rat simulacra (Ossuary)
  2 spectral goblins (Ossuary)
  8 spectral kobolds (Ossuary)
  2 spectral rats (Ossuary)
278 creatures vanquished.

Vanquished Creatures (others)
  51 plants (D:6)
51 creatures vanquished.

Grand Total: 329 creatures vanquished

Notes
Turn   | Place    | Note
-------+----------+-------------------------------------------
     0 | D:1      | Mamutox the Spriggan Venom Mage began the quest for the
                  | Orb.
     0 | D:1      | Reached XP level 1. HP: 9/9 MP: 5/5
   248 | D:1      | Reached XP level 2. HP: 13/13 MP: 7/7
   492 | D:1      | Found Deodoulez's Armour Shop.
  1011 | D:2      | Reached skill level 4 in Stealth
  1011 | D:2      | Reached XP level 3. HP: 16/16 MP: 1/8
  1884 | D:2      | Noticed a scorpion
  1901 | D:2      | Killed a scorpion
  1902 | D:2      | Reached skill level 5 in Stealth
  1902 | D:2      | Reached XP level 4. HP: 21/21 MP: 7/11
  2636 | D:3      | Reached XP level 5. HP: 24/24 MP: 12/12
  3294 | D:4      | Found Suiptoll's Magic Scroll Emporium.
  3309 | D:4      | Bought a scroll of identify for 28 gold pieces
  3427 | D:4      | Noticed Blork the orc
  3442 | D:4      | Killed Blork the orc
  3443 | D:4      | Reached skill level 5 in Dodging
  3443 | D:4      | Reached skill level 6 in Stealth
  3750 | D:4      | Found a sacrificial altar of Ru.
  3768 | D:4      | Noticed an ogre
  3793 | D:4      | Noticed Ijyb
  3796 | D:4      | Killed an ogre
  3797 | D:4      | Reached skill level 5 in Spellcasting
  3797 | D:4      | Reached XP level 6. HP: 15/28 MP: 10/14
  4039 | D:4      | Killed Ijyb
  4174 | D:4      | Noticed Robin
  4192 | D:4      | Killed Robin
  4437 | D:4      | Reached skill level 7 in Stealth
  5018 | D:5      | Entered Level 5 of the Dungeon
  5112 | D:5      | Reached XP level 7. HP: 32/32 MP: 16/16
  5347 | D:5      | Learned a level 2 spell: Poisonous Vapours
  5351 | D:5      | Learned a level 3 spell: Mephitic Cloud
  5354 | D:5      | Learned a level 2 spell: Blink
  5431 | D:5      | Noticed Prince Ribbit
  5650 | D:5      | Reached skill level 1 in Short Blades
  5650 | D:5      | Reached skill level 1 in Translocations
  5886 | D:5      | Killed Prince Ribbit
  5887 | D:5      | Reached skill level 1 in Fighting
  5887 | D:5      | Reached skill level 8 in Stealth
  6292 | D:5      | Reached XP level 8. HP: 39/39 MP: 18/18
  6349 | D:5      | Found a runed translucent door.
  6350 | D:5      | Noticed Crazy Yiuf
  6383 | D:5      | Killed Crazy Yiuf
  6818 | D:5      | Noticed Eustachio
  6827 | D:5      | Killed Eustachio
  6828 | D:5      | Reached skill level 9 in Stealth
  6904 | D:5      | Noticed Pikel
  6960 | D:5      | Killed Pikel
  6961 | D:5      | Reached skill level 10 in Stealth
  7399 | D:5      | Reached skill level 5 in Short Blades
  7858 | D:6      | Reached XP level 9. HP: 42/42 MP: 19/19
  8077 | D:6      | Reached skill level 1 in Evocations
  8341 | D:6      | Noticed Edmund
  8388 | D:6      | Killed Edmund
  8389 | D:6      | Reached skill level 11 in Stealth
  8749 | D:6      | Found a hide-covered altar of Uskayaw.
  8802 | D:6      | Found a sparkling altar of Nemelex Xobeh.
  9223 | D:7      | Found a staircase to the Ecumenical Temple.
  9232 | Temple   | Entered the Ecumenical Temple
  9240 | Temple   | Became a worshipper of Sif Muna the Loreminder
 10867 | D:7      | Noticed a two-headed ogre
 10875 | D:7      | Killed a two-headed ogre
 10876 | D:7      | Reached skill level 12 in Stealth
 10876 | D:7      | Reached skill level 5 in Evocations
 11466 | D:8      | Found a shimmering altar of Xom.
 11554 | D:8      | Found a sand-covered staircase.
 11561 | Ossuary  | Entered an ossuary
 11586 | Ossuary  | Reached * piety under Sif Muna
 11998 | Ossuary  | Reached ** piety under Sif Muna
 12173 | D:8      | Reached XP level 10. HP: 46/46 MP: 23/23
 12180 | D:8      | Noticed a two-headed ogre
 12194 | D:8      | Killed a two-headed ogre
 12245 | D:8      | Noticed a two-headed ogre
 12248 | D:8      | Noticed a tengu warrior
 12255 | D:8      | Killed a two-headed ogre
 12407 | D:8      | Killed a tengu warrior
 12408 | D:8      | Reached skill level 10 in Dodging
 12588 | D:8      | Found a runed translucent gate.
 12588 | D:8      | Found a runed translucent gate.
 12588 | D:8      | Found a runed translucent gate.
 12590 | D:8      | Noticed kMk's ghost (novice OpTm)
 13614 | D:9      | Reached skill level 1 in Bows
 13914 | D:9      | Found a staircase to the Lair.
 13914 | D:9      | Noticed a death yak
 13914 | D:9      | Noticed an elephant
 13989 | D:9      | Killed an elephant
 14328 | D:9      | Killed a death yak
 14329 | D:9      | Reached skill level 5 in Bows
 15266 | D:9      | Identified the +5 dagger of the Protecting Augurer {drain,
                  | Fragile rF+++ Str+4 Stlth+}
 15371 | D:9      | Found an ancient bone altar of Kikubaaqudgha.
 15687 | Lair:1   | Entered Level 1 of the Lair of Beasts
 15769 | D:9      | Reached XP level 11. HP: 41/50 MP: 21/24
 15994 | D:9      | Succumbed to a black mamba's poison

Illustrated notes

Levels and vault maps discovered:
D:1:      lightli_molten_gateway, layout_rooms, serial_shops, shop,
          grunt_decor_clamped, minmay_pentomino_w4
D:2:      layout_loops_ring
D:3:      layout_basic, kennysheep_generic_room_2
D:4:      layout_basic, nicolae_ru_great_annihilating_truth, serial_shops, shop,
          kennysheep_path_1, uniq_blork_the_orc, uniq_ijyb, uniq_robin
D:5:      lemuel_ratsnest, layout_basic, minmay_fractal_squares_diagonal_5,
          uniq_crazy_yiuf_cottage, uniq_eustachio, uniq_prince_ribbit1,
          uniq_pikel
D:6:      layout_cave_pods, mainiacjoe_overflow_catch_the_wave,
          kennysheep_generic_room_14, uniq_edmund
D:7:      layout_basic, minmay_temple_entry_junction
D:8:      kennysheep_big_flooded_room, layout_basic, kennysheep_mini,
          nicolae_ossuary_entry_giza, gammafunk_ghost_split
D:9:      layout_basic, nicolae_kikubaaqudgha_miasma_corner, david_lair_generic
Temple:   eino_temple_rhombus
Lair:1:   layout_cave_pods, enter_volcano_1, infiniplex_staircase_pool_2

Skill      XL: |  1  2  3  4  5  6  7  8  9 10 |
---------------+-------------------------------+-----
Dodging        | 3 4 5 6 8 10 | 10.2
Spellcasting   | 3 4 5 6 8 |  8.4
Stealth        | 4 5 6 7 8 10 12 | 12.9
Short Blades   | 2 5 8 |  8.0
Translocations | 3 |  3.1
Fighting       | 1 |  1.8
Evocations     | 5 |  5.6
Bows           | 6 |  6.8
Transmutations | |  1.3
Poison Magic   | |  3.0

Action                   |  1- 3 |  4- 6 |  7- 9 | 10-12 || total
-------------------------+-------+-------+-------+-------++-------
Melee: Dagger            |    28 |    26 |   109 |       ||   163
       Short sword       |     3 |    21 |    44 |       ||    68
       Rapier            |       |       |   192 |    86 ||   278
 Fire: Shortbow          |       |       |       |    79 ||    79
 Cast: Sting             |    50 |    82 |   154 |    44 ||   330
       Mephitic Cloud    |       |       |     8 |     3 ||    11
       Poisonous Vapours |       |       |    27 |    36 ||    63
  Use: Scroll            |       |     1 |     8 |       ||     9
       Potion            |       |     1 |       |       ||     1
 Stab: Sleeping          |    10 |    15 |    37 |     8 ||    70
       Invisible         |       |     1 |       |       ||     1
       Distracted        |       |       |     2 |       ||     2
       Confused          |       |       |     1 |     1 ||     2
Armor: Robe              |     8 |     2 |    22 |     1 ||    33
Dodge: Dodged            |    38 |    38 |   296 |   124 ||   496

Table legend: (Time is in decaauts)
 A = Elapsed time spent in this place.
 B = Non-inter-level travel time spent in this place.
 C = Inter-level travel time spent in this place.
 D = Time resting spent in this place.
 E = Time spent auto-exploring this place.
 F = Levels seen in this place.
 G = Mean time per level.
                   A        B        C        D        E       F      G
               +--------+--------+--------+--------+--------+-----+--------+
         Total |  11762 |  11597 |    165 |    588 |   7210 |  12 |  980.2 |
       Dungeon |  11166 |  11001 |    165 |    488 |   7143 |   9 | 1240.7 |
        Temple |     21 |     21 |      0 |      0 |      0 |   1 |   21.0 |
          Lair |    122 |    122 |      0 |      0 |     40 |   1 |  122.0 |
       Ossuary |    453 |    453 |      0 |    100 |     27 |   1 |  453.0 |
               +--------+--------+--------+--------+--------+-----+--------+

Top non-repeatable levels by time:
     D:5: 2147 daAuts
     D:9: 1853 daAuts
     D:7: 1614 daAuts
     D:4: 1584 daAuts
     D:6: 999 daAuts
     D:8: 866 daAuts
     D:2: 857 daAuts
     D:1: 643 daAuts
     D:3: 600 daAuts
 Ossuary: 453 daAuts
  Lair:1: 122 daAuts
  Temple: 21 daAuts
